AoeStats
← Hannibal Lecter

Arabia

505274625Analyzed
1v1 RM · 24d ago on Sep 8, 2026· 67m 33s· 2 players
Game mode
Random Map
Map size
Tiny (2 player)
Population
200
Speed
Normal
Resources
Standard
Victory
Conquest
Starting age
Dark Age
Ending age
Imperial Age
RankedLock teamsTeams togetherTeam positionsShared explorationLock speedFull tech treeHidden civsTurbo modeCheats
Victory
Defeat
🇷🇺 Britons · Russia
872
+15
🇫🇷 Khmer · France
848
-15
NotBadOP
13:19 Feudal Age
14:38 Wheelbarrow
13:51 Double-Bit Axe
14:08 Horse Collar
14:19 Gold Mining
21:40 Castle Age
20:08 Stone Mining
21:15 Bloodlines
23:58 Bow Saw
25:17 Stone Shaft Mining
25:46 Gold Shaft Mining
25:19 Heavy Plow
28:35 Gold Shaft Mining
28:25 Forging
28:07 Town Watch
29:54 Hand Cart
29:43 Tusk Swords
30:43 Town Patrol
31:37 Scale Barding Armor
35:49 Imperial Age
33:46 Husbandry
35:10 Chain Barding Armor
35:27 Iron Casting
36:34 Ballistics
36:47 Double Crossbow
37:34 Plate Barding Armor
37:14 Elite Ballista Elephant
38:57 Chemistry
41:00 Blast Furnace
50:01 Light Cavalry
50:47 Hussar
60:14 Capped Ram
Hannibal Lecter
0:41 Loom
11:19 Feudal Age
17:30 Castle Age
16:21 Double-Bit Axe
16:24 Horse Collar
16:56 Gold Mining
18:32 Bow Saw
18:24 Heavy Plow
20:06 Pikeman
25:34 Wheelbarrow
26:05 Fletching
26:28 Padded Archer Armor
27:44 Town Watch
27:42 Crossbowman
29:06 Bodkin Arrow
30:23 Gold Shaft Mining
29:39 Stone Mining
30:32 Gambesons
30:48 Squires
31:11 Ballistics
31:51 Town Patrol
32:18 Hand Cart
32:36 Leather Archer Armor
32:56 Murder Holes
34:08 Scale Mail Armor
34:33 Yeomen
41:01 Imperial Age
42:11 Conscription
42:37 Bracer
43:08 Ring Archer Armor
42:54 Chain Mail Armor
43:14 Elite Longbowman
45:49 Chemistry
44:24 Halberdier
47:03 Hoardings
48:20 Warwolf
56:31 Plate Mail Armor
61:22 Arson
66:24 Forging
66:19 Scale Barding Armor
Connection lost

Rejoining the realm…

Still unreachable

The connection could not be restored.

Session expired

The server has moved on; the page needs a fresh start.